 Dungeon Crawl Stone Soup version 0.29-a0-643-ga013cefcf8 (webtiles) character file.

Game seed: 1591515976653696106

543 wilfster70 the Magician (level 7, -4/47 HPs)
             Began as a Djinni Fire Elementalist on June 19, 2022.
             Slain by a gnoll
             ... wielding a +1 halberd of protection
             ... led by a gnoll shaman
              (7 damage)
             ... on level 4 of the Dungeon.
             The game lasted 00:09:56 (4189 turns).

wilfster70 the Magician (Djinni Fire Elementalist)  Turns: 4189, Time: 00:09:56

Health: -4/47      AC:  2    Str:  7    XL:     7   Next: 52%
Gold:   238        EV: 12    Int: 19    God:
                   SH:  0    Dex: 13

rFire   + + .      SeeInvis .   (no weapon)
rCold   x . .      Faith    .   (no shield)
rNeg    . . .      Spirit   .   e - +0 robe
rPois   ∞          Reflect  .   (no helmet)
rElec   .          Harm     .   (no cloak)
rCorr   .          Rampage  .   (no gloves)
Will    .....                   (boots unavailable)
Stlth   ++........              (no amulet)
HPRegen 0.15/turn               (no ring)
MPRegen 0.00/turn               (no ring)

@: flying
A: sickness immunity, fire resistance 2, cold vulnerability 1, float, innate
caster, HP casting, extra vitality 1
a: no special abilities


You were on level 4 of the Dungeon.
You visited 1 branch of the dungeon, and saw 4 of its levels.

You collected 238 gold pieces.

Inventory:

Hand Weapons
 a - a +1 long sword
Armour
 e - a +0 robe (worn)
Jewellery
 n - an amulet of reflection
Scrolls
 c - 3 scrolls of teleportation
 d - 3 scrolls of immolation
 f - a scroll of enchant weapon
 g - a scroll of fear
 k - a scroll of blinking
 o - a scroll of magic mapping {unknown}
Potions
 b - 3 potions of mutation
 h - 5 potions of curing
 i - 2 potions of might {unknown}
 j - 3 potions of haste
 l - a potion of lignification {unknown}
 m - a potion of attraction {unknown}
 p - a potion of heal wounds {unknown}


   Skills:
 + Level 1.6 Fighting
 - Level 2.1 Dodging
 - Level 1.5 Stealth
 - Level 6.1 Spellcasting


You couldn't memorise any spells.
You knew the following spells:

 Your Spells              Type           Power      Damage    Failure   Level
a - Foxfire               Conj/Fire      100%       2x1d9     1%          1
b - Searing Ray           Conj           56%        2d6       1%          2
c - Conjure Flame         Conj/Fire      28%        6-21      2%          3
d - Inner Flame           Hex/Fire       28%        N/A       2%          3
e - Flame Wave            Conj/Fire      28%        2d8       9%          4
f - Sting                 Tmut/Pois      100%       1d8       1%          1
g - Scorch                Fire           56%        2d7       1%          2
h - Call Imp              Summ           28%        N/A       1%          2
Your spell library was empty.

Dungeon Overview and Level Annotations

Branches:
Dungeon (4/15)
 Temple: D:4-7

Altars:
Sif Muna

Annotations:
D:4 3 runed translucent doors, exclusion: 3 doors, Zebulonius's ghost, amateur MiBe


Innate Abilities, Weirdness & Mutations

You are immune to sickness and miasma.
You are immune to poison.
Your flesh is very heat resistant. (rF++)
You are vulnerable to cold. (rC-)
You float through the air rather than walking.
You learn spells naturally, not from books.
Your magical power is your life essence.
You have superior vitality. (+4 MHP)


Message History

The gnoll hits you with a +0 whip!
The searing ray hits the gnoll!
You kill the gnoll!
The searing ray hits the gnoll.
The gnoll is severely wounded.
The searing ray hits the gnoll shaman.
The gnoll shaman is lightly wounded.
An endoplasm comes into view.
The gnoll hits you from afar with a +0 spear.
The searing ray hits the gnoll.
You kill the gnoll!
The searing ray hits the gnoll shaman.
The gnoll shaman is moderately wounded.
The searing ray hits the gnoll!
The gnoll is severely wounded.
You finish channelling your searing ray.
Casting: Searing Ray (safe; 1% risk of failure)
Confirm with . or Enter, or press ? or * to list all spells.
Aiming: Searing Ray (safe; 1% risk of failure)
Press: ? - help, Shift-Dir - straight line, f - gnoll shaman
Aim: a gnoll shaman, wielding a +0 club and wearing a +0 leather armour (moderately wounded, 82% to hit)
The searing ray misses the gnoll shaman. (Press . to maintain the ray.)
The searing ray hits the gnoll shaman.
The gnoll shaman is moderately wounded.
The searing ray hits the gnoll.
You kill the gnoll!
The searing ray hits the gnoll but does no damage.
The gnoll shaman hits you with a +0 club!
The searing ray hits the gnoll shaman but does no damage.
The gnoll shaman is moderately wounded.
The searing ray hits the gnoll.
The gnoll is moderately wounded.
The searing ray hits the endoplasm!
You kill the endoplasm!
* * * LOW HITPOINT WARNING * * *
The gnoll shaman hits you with a +0 club!
* * * LOW HITPOINT WARNING * * *
The gnoll hits you from afar with a +1 halberd of protection!
You die...

#.#.# #.#
#.#.###### #.#
#.#>...... #.#
######## #.# #.#
#g# #g# #@#
#.################
#...).............
##################


You could see a gnoll shaman and a gnoll.

Vanquished Creatures
  Sigmund (D:4)
  A black bear (D:4)
  2 scorpions
  2 hounds (D:4)
  5 adders
  3 gnolls (D:4)
  2 worms
  2 dart slugs
  2 ball pythons
  5 bats
  3 endoplasms
  2 giant cockroaches (D:3)
  3 goblins
  6 hobgoblins
  3 jackals (D:4)
  2 quokkas
  2 frilled lizards (D:1)
  7 kobolds
  2 rats
55 creatures vanquished.

Vanquished Creatures (others)
  60 foxfires
60 creatures vanquished.

Grand Total: 115 creatures vanquished

Notes
Turn   | Place    | Note
-------+----------+-------------------------------------------
     0 | D:1      | wilfster70 the Djinni Fire Elementalist began the quest for
                  | the Orb.
     0 | D:1      | wilfster70 set off with the following spells memorised:
                  | Foxfire, Scorch, Conjure Flame, Inner Flame, Flame Wave.
     0 | D:1      | Reached XP level 1. HP: 15/15 MP: 0/0
   336 | D:1      | Reached XP level 2. HP: 16/21 MP: 0/0
   756 | D:1      | Reached skill level 3 in Spellcasting
  1256 | D:2      | Found a faded altar of an unknown god.
  1356 | D:2      | Reached XP level 3. HP: 24/25 MP: 0/0
  1356 | D:2      | Learned a level 1 spell: Sting
  2007 | D:3      | Reached XP level 4. HP: 23/31 MP: 0/0
  2883 | D:4      | Noticed a scorpion
  2896 | D:4      | Noticed Sigmund
  2917 | D:3      | Killed a scorpion
  2918 | D:3      | Reached skill level 4 in Spellcasting
  2918 | D:3      | Reached XP level 5. HP: 2/35 MP: 0/0
  2918 | D:3      | Learned a level 2 spell: Searing Ray
  3222 | D:4      | Killed Sigmund
  3223 | D:4      | Reached skill level 5 in Spellcasting
  3223 | D:4      | Reached XP level 6. HP: 33/40 MP: 0/0
  3567 | D:4      | Reached XP level 7. HP: 41/45 MP: 0/0
  3567 | D:4      | Learned a level 2 spell: Call Imp
  3630 | D:4      | Reached skill level 6 in Spellcasting
  3864 | D:4      | Reached skill level 1 in Fighting
  3999 | D:4      | Noticed Zebulonius's ghost (amateur MiBe)
  4004 | D:4      | Found a runed translucent gate.
  4004 | D:4      | Found a runed translucent gate.
  4005 | D:4      | Found a runed translucent gate.
  4189 | D:4      | Slain by a gnoll

Illustrated notes

Levels and vault maps discovered:
D:1:      minmay_arrival_open_corners, layout_basic
D:2:      layout_basic, chequers_ecumenical_altar_twisty, basic_altar
D:3:      layout_loops_ring, item_on_display_a
D:4:      layout_basic, gammafunk_ghost_split, wad_floor_pattern_1, uniq_sigmund

Skill      XL: |  1  2  3  4  5  6  7 |
---------------+----------------------+-----
Spellcasting   | 3 4 5 6 |  6.1
Fighting       | 1 |  1.6
Dodging        | |  2.1
Stealth        | |  1.5

Action                   |  1- 3 |  4- 6 |  7- 9 || total
-------------------------+-------+-------+-------++-------
 Cast: Foxfire           |    36 |     1 |       ||    37
       Sting             |     3 |    11 |     1 ||    15
       Scorch            |     1 |     9 |       ||    10
       Searing Ray       |       |    12 |     9 ||    21
  Use: Scroll            |     4 |     7 |       ||    11
Armor: Robe              |     3 |     2 |     1 ||     6
Dodge: Dodged            |    10 |    18 |     7 ||    35

Table legend: (Time is in decaauts)
 A = Elapsed time spent in this place.
 B = Non-inter-level travel time spent in this place.
 C = Inter-level travel time spent in this place.
 D = Time resting spent in this place.
 E = Time spent auto-exploring this place.
 F = Levels seen in this place.
 G = Mean time per level.
                   A        B        C        D        E       F      G
               +--------+--------+--------+--------+--------+-----+--------+
         Total |   4190 |   4138 |     52 |   1179 |   2040 |   4 | 1047.5 |
       Dungeon |   4190 |   4138 |     52 |   1179 |   2040 |   4 | 1047.5 |
               +--------+--------+--------+--------+--------+-----+--------+

Top non-repeatable levels by time:
     D:3: 1572 daAuts
     D:4: 954 daAuts
     D:1: 932 daAuts
     D:2: 730 daAuts
